 Dungeon Crawl Stone Soup version 0.19.1-1-g22dce08 (webtiles) character file.

5167 JeffiDaFish the Basher (level 10, -3/56 HPs)
             Began as a Gargoyle Fighter on Jan 12, 2017.
             Was a Priest of Makhleb.
             Slain by a catoblepas (17 damage)
             ... on level 8 of the Dungeon on Jan 16, 2017.
             The game lasted 00:20:33 (5940 turns).

JeffiDaFish the Basher (Gargoyle Fighter)           Turns: 5940, Time: 00:20:33

Health: -3/56      AC: 30    Str: 21    XL:     10   Next: 59%
Magic:  10/10      EV:  8    Int:  8    God:    Makhleb [***...]
Gold:   450        SH: 12    Dex: 12    Spells: 0 memorised, 9 levels left

rFire  + + .     SeeInvis .     s - +6 flail (protect)
rCold  x . .     Gourm    .     o - +0 chain mail
rNeg   + . .     Faith    .     c - +1 shield
rPois  ∞         Spirit   .     g - +1 helmet
rElec  +         Reflect  .     l - +0 cloak
rCorr  .         Harm     .     (no gloves)
MR     .....                    (no boots)
Stlth  ..........               i - amulet of regeneration
                                m - ring of fire
                                b - +3 ring of protection

@: protection aura
A: fire resistance 1, frail 1, negative energy resistance 1, electricity
resistance, wild magic 1, unbreathing, petrification resistance, rot immunity,
AC +7
a: Minor Destruction, Lesser Servant of Makhleb, Renounce Religion


You were on level 8 of the Dungeon.
You worshipped Makhleb.
Makhleb was most pleased with you.
You were hungry.

You visited 2 branches of the dungeon, and saw 9 of its levels.

You collected 450 gold pieces.

Inventory:

Hand Weapons
 s - a +6 flail of protection (weapon)
Armour
 c - a +1 shield (worn)
 g - a +1 helmet (worn)
 l - a +0 cloak (worn)
 o - a +0 chain mail (worn)
Jewellery
 b - a +3 ring of protection (left hand)
 i - an amulet of regeneration (around neck)
 m - a ring of fire (right hand)
Scrolls
 h - a scroll of magic mapping
 k - a scroll of fear
 n - 2 scrolls of recharging
 p - a scroll of fog
 q - 4 scrolls of teleportation
 u - 3 scrolls of remove curse
 v - a scroll of identify
 w - a scroll of amnesia
Potions
 a - 2 potions of might
 e - 4 potions of curing
 t - a potion of agility
Comestibles
 d - 7 chunks of flesh
 f - 8 bread rations
 j - 6 fruits
 r - 3 meat rations


   Skills:
 + Level 7.3 Fighting
 + Level 10.5 Maces & Flails
 + Level 5.8 Armour
 + Level 2.6 Dodging
 + Level 0.2 Stealth
 + Level 9.1 Shields


You had 9 spell levels left.
You didn't know any spells.

Dungeon Overview and Level Annotations

Branches:
Dungeon (8/15)             Temple (1/1) D:4
   Lair: D:8-11

Altars:
Ashenzari
Cheibriados
Dithmenos
Elyvilon
Fedhas
Gozag
Hepliaklqana
Kikubaaqudgha
Makhleb
Nemelex Xobeh
Okawaru
Qazlal
Ru
Sif Muna
Trog
Vehumet
Xom
Yredelemnul
Zin
The Shining One
Jiyva

Shops:
D:6 }


Innate Abilities, Weirdness & Mutations

You are resistant to torment.
Your stone body is resilient. (AC +7)
You are immune to poison.
You resist negative energy. (rN+)
You are resistant to electric shocks. (rElec)
You can survive without breathing.
You are immune to petrification.
You are immune to rotting.
Your flesh is heat resistant. (rF+)
You are frail. (-10% HP)
Your spells are a little harder to cast, but a little more powerful.


Message History

The catoblepas is severely wounded.
The catoblepas breathes a plume of calcifying dust at you.
The blast of calcifying dust hits you!
You hit the catoblepas but do no damage.
The catoblepas is severely wounded.
The catoblepas gores you but does no damage.
You hit the catoblepas.
The catoblepas is severely wounded.
The catoblepas gores you!
You hit the catoblepas but do no damage.
The catoblepas is severely wounded.
The catoblepas gores you.
* * * LOW HITPOINT WARNING * * *
You are too injured to fight recklessly!
You are too injured to fight recklessly!
You are too injured to fight recklessly!
You barely miss the catoblepas.
The catoblepas is severely wounded.
The catoblepas gores you!
You die...

## ###. .# #.#. # .#
..Y# #.# (# .#.#
#..Y#:#...# #
#.#...#.# ##.#
#..#W.# #.#.#
#..Y###...#
#.###@#.#..#
..##.##§..#.# [..
#...##§..# # ##
#..#####.# .
###..#..#.
..#######†..##.#
###.......####.#
..............#####
..................##


You could see a catoblepas and a hungry ghost.

Vanquished Creatures
  A hill giant (D:6)
  Pikel (D:7)
  Joseph (D:7)
  2 hippogriffs (D:7)
  A yak (D:8)
  A hungry ghost (D:7)
  Edmund (D:4)
  A sky beast (D:8)
  An ice beast (D:6)
  A phantom (D:8)
  3 slaves (D:7)
  A necrophage (D:7)
  A black bear (D:7)
  An ogre (D:7)
  A centaur (D:8)
  7 bullfrogs
  Blork the orc (D:5)
  A wyvern zombie (D:6)
  3 scorpions
  A killer bee (D:8)
  6 wights (D:7)
  An electric eel (D:7)
  A howler monkey (D:5)
  2 crimson imps (D:7)
  2 jellies
  A centaur zombie (D:5)
  A quasit (D:7)
  5 orc priests
  2 gnoll shamans
  6 hounds
  8 orc wizards
  A bullfrog skeleton (D:6)
  Jessica (D:2)
  Terence (D:3)
  3 iguanas
  4 worker ants
  A hound zombie (D:5)
  2 hound skeletons (D:6)
  3 worker ant zombies (D:7)
  Robin (D:3)
  A howler monkey zombie (D:7)
  19 gnolls
  A howler monkey skeleton (D:4)
  8 adders
  2 shadow imps
  An ooze (D:1)
  2 worms (D:2)
  2 dart slugs (D:2)
  6 leopard geckos
  21 orcs
  3 ball pythons
  4 giant cockroaches
  20 goblins
  13 hobgoblins
  4 jackals (D:3)
  4 quokkas
  6 bats
  9 frilled lizards
  13 kobolds
  8 rats
  A spectral orc (D:2)
231 creatures vanquished.

Vanquished Creatures (others)
  A slave (D:7)
1 creature vanquished.

Grand Total: 232 creatures vanquished

Notes
Turn   | Place    | Note
-------+----------+-------------------------------------------
     0 | D:1      | JeffiDaFish the Gargoyle Fighter began the quest for the Orb.
     0 | D:1      | Reached XP level 1. HP: 14/14 MP: 1/1
   113 | D:1      | Reached XP level 2. HP: 14/19 MP: 2/2
   244 | D:1      | Gained mutation: Your spells are a little harder to cast, but a little more powerful. [potion of mutation]
   244 | D:1      | Gained mutation: You are frail. (-10% HP) [potion of mutation]
   244 | D:1      | Gained mutation: Your flesh is heat resistant. (rF+) [potion of mutation]
   391 | D:1      | Reached XP level 3. HP: 12/21 MP: 3/3
   970 | D:2      | Reached XP level 4. HP: 26/26 MP: 4/4
  1035 | D:2      | Found a shattered altar of Ashenzari.
  1119 | D:2      | Noticed Jessica
  1128 | D:2      | Killed Jessica
  1128 | D:2      | Reached skill level 3 in Maces & Flails
  1172 | D:2      | Reached XP level 5. HP: 29/29 MP: 5/5
  1333 | D:2      | Found a basalt altar of Yredelemnul.
  1526 | D:2      | Found an ancient bone altar of Kikubaaqudgha.
  1793 | D:3      | Noticed Robin
  1794 | D:3      | Noticed Terence
  1831 | D:3      | Killed Robin
  1861 | D:3      | Killed Terence
  1942 | D:3      | Found an iron altar of Okawaru.
  2053 | D:3      | Reached XP level 6. HP: 32/35 MP: 6/6
  2117 | D:3      | Found a shimmering altar of Xom.
  2245 | D:3      | Reached skill level 4 in Maces & Flails
  2274 | D:4      | Noticed Edmund
  2288 | D:4      | Killed Edmund
  2288 | D:4      | Reached skill level 1 in Dodging
  2288 | D:4      | Reached skill level 5 in Shields
  2307 | D:4      | Found a radiant altar of Vehumet.
  2360 | D:4      | Found a staircase to the Ecumenical Temple.
  2382 | D:4      | Reached XP level 7. HP: 39/39 MP: 7/7
  2424 | Temple   | Entered the Ecumenical Temple
  2468 | Temple   | Became a worshipper of Makhleb the Destroyer
  2649 | D:4      | Reached skill level 5 in Maces & Flails
  2684 | D:4      | Found a sparkling altar of Nemelex Xobeh.
  2886 | D:4      | Reached XP level 8. HP: 43/43 MP: 8/8
  3305 | D:5      | Entered Level 5 of the Dungeon
  3324 | D:5      | Reached skill level 6 in Maces & Flails
  3505 | D:5      | You fall through a shaft!
  3507 | D:6      | Reached * piety under Makhleb
  3515 | D:6      | Reached skill level 5 in Fighting
  3579 | D:6      | Reached skill level 5 in Armour
  3609 | D:6      | Found Coiheas's Quality Used Wands.
  3632 | D:5      | Reached skill level 7 in Maces & Flails
  3858 | D:5      | Noticed Blork the orc
  3868 | D:5      | Killed Blork the orc
  3918 | D:5      | Found a sparkling altar of Nemelex Xobeh.
  4488 | D:6      | Reached XP level 9. HP: 36/48 MP: 9/9
  4601 | D:6      | Reached skill level 8 in Maces & Flails
  4706 | D:6      | Noticed a hill giant
  4720 | D:6      | Killed a hill giant
  5032 | D:7      | Reached ** piety under Makhleb
  5053 | D:7      | Found a stormy altar of Qazlal.
  5108 | D:7      | Noticed Pikel
  5131 | D:7      | Reached skill level 9 in Maces & Flails
  5147 | D:7      | Killed Pikel
  5173 | D:7      | Reached XP level 10. HP: 54/54 MP: 10/10
  5271 | D:7      | Found a glowing golden altar of the Shining One.
  5274 | D:7      | Noticed Joseph
  5289 | D:7      | Killed Joseph
  5289 | D:7      | Reached skill level 10 in Maces & Flails
  5568 | D:7      | Found a burning altar of Makhleb.
  5850 | D:8      | Reached *** piety under Makhleb
  5895 | D:8      | Noticed a catoblepas
  5940 | D:8      | Slain by a catoblepas

Skill      XL: |  1  2  3  4  5  6  7  8  9 10 |
---------------+-------------------------------+-----
Armour         | 4 5 |  5.8
Fighting       | 4 5 6 7 |  7.3
Maces & Flails | 3 4 5 7 9 10 | 10.5
Shields        | 4 5 6 8 9 |  9.1
Dodging        | 1 2 |  2.6
Stealth        | |  0.2

Action                   |  1- 3 |  4- 6 |  7- 9 | 10-12 || total
-------------------------+-------+-------+-------+-------++-------
Melee: Flail             |   139 |   343 |   352 |   168 ||  1002
  Use: Scroll            |     7 |     3 |     2 |       ||    12
       Potion            |     3 |     4 |     4 |       ||    11
 Stab: Petrified         |       |       |       |     1 ||     1
  Eat: Chunk             |     1 |     5 |    10 |     4 ||    20
Armor: Scale mail        |    82 |     8 |       |       ||    90
       Chain mail        |       |   205 |   255 |    79 ||   539
Dodge: Dodged            |    41 |    80 |    86 |    41 ||   248
Block: Shield            |    90 |   231 |   248 |    82 ||   651
